 Dungeon Crawl Stone Soup version 0.28.0-45-g0d030f2227 (webtiles) character file.

Game seed: 330227887113059111

9605 issech the Basher (level 11, -15/96 HPs)
             Began as a Troll Monk on Apr 14, 2022.
             Was an Elder of Hepliaklqana.
             Demolished by Erolcha
             ... wielding a +0 giant club
              (45 damage)
             ... on level 10 of the Dungeon on Apr 15, 2022.
             The game lasted 00:44:06 (9743 turns).

issech the Basher (Troll Monk)                      Turns: 9743, Time: 00:44:07

Health: -15/96     AC:  8    Str: 21    XL:     11   Next: 25%
Magic:  19/19      EV: 11    Int: 16    God:    Hepliaklqana [****..]
Gold:   422        SH: 14    Dex: 19    Spells: 10/10 levels left

rFire   x . .      SeeInvis .   Q - +9 falchion of Tappy {flame, MP+9 Int+4}
rCold   + . .      Faith    .   L - +0 kite shield
rNeg    . . .      Spirit   .   Z - +0 acid dragon scales
rPois   .          Reflect  +   (helmet restricted)
rElec   .          Harm     .   (no cloak)
rCorr   +          Rampage  .   (gloves unavailable)
Will    +....                   (boots unavailable)
Stlth   ++........              G - amulet of the Quahog {Reflect rF- rC+ Dex+3 SH+5}
HPRegen 1.06/turn               P - +6 ring of intelligence
MPRegen 0.16/turn               b - ring of willpower

@: studying Throwing
A: reduced essence, large, unfitting armour, claws 3, regeneration 1, shaggy fur
1, tough skin 1
a: Renounce Religion, Recall Ancestor, Ancestor Identity, Transference, Idealise


You were on level 10 of the Dungeon.
You worshipped Hepliaklqana.
Hepliaklqana was greatly pleased with you.
You visited 2 branches of the dungeon, and saw 12 of its levels.
You also visited: Ossuary.

You collected 422 gold pieces.

Inventory:

Hand Weapons
 i - a +2 flail of protection
 M - a +3 halberd of freezing
 Q - the +9 falchion of Tappy (weapon) {flame, MP+9 Int+4}
   (You found it on level 7 of the Dungeon)

   It burns those it strikes, dealing additional fire damage.
   Big, fiery blades are also staple armaments of hydra-hunters.
   Int:       It affects your intelligence (+4).
   MP:        It affects your magic capacity (+9).
 W - a +0 dire flail of holy wrath
 Y - a +2 vampiric hand axe
Missiles
 c - 393 stones (quivered)
 d - 5 atropa-tipped darts
 f - 4 datura-tipped darts
 p - 48 poisoned darts
 y - 167 arrows
 C - 54 sling bullets
 D - 13 bolts
 N - 2 curare-tipped darts
 U - a throwing net
Armour
 t - an orb of wrath
 K - +0 steam dragon scales
 L - a +0 kite shield (worn)
 Z - +0 acid dragon scales (worn)
Magical Staves
 T - a staff of death
 X - a staff of conjuration
Jewellery
 b - a ring of willpower (right claw)
 v - an amulet of reflection
 G - the amulet of the Quahog (around neck) {Reflect rF- rC+ Dex+3 SH+5}
   (You found it on level 6 of the Dungeon)

   [amulet of reflection]

   It reflects blocked missile attacks.
   Dex:       It affects your dexterity (+3).
   rF:        It makes you vulnerable to fire.
   rC:        It protects you from cold.
   SH:        It affects your SH (+5).
 P - a +6 ring of intelligence (left claw)
 R - an amulet of faith
Wands
 a - a wand of flame (8)
 j - a wand of paralysis (7)
 q - a wand of polymorph (18)
 u - a wand of digging (5)
 x - a wand of acid (10)
Scrolls
 g - 2 scrolls of enchant armour
 s - 4 scrolls of summoning
 w - 7 scrolls of blinking
 A - 2 scrolls of silence
 F - 3 scrolls of teleportation
 I - a scroll of enchant weapon
 V - 2 scrolls of fog
Potions
 e - a potion of invisibility {unknown}
 h - 2 potions of resistance {unknown}
 k - 2 potions of degeneration {unknown}
 l - 2 potions of brilliance {unknown}
 m - a potion of heal wounds {unknown}
 n - 6 potions of curing {unknown}
 o - 3 potions of berserk rage {unknown}
 r - a potion of ambrosia {unknown}
 z - a potion of mutation {unknown}
 B - 3 potions of magic {unknown}
 E - a potion of haste
 H - a potion of experience {unknown}
 J - 3 potions of might {unknown}
 O - a potion of cancellation
 S - 2 potions of attraction {unknown}


   Skills:
 + Level 6.7 Fighting
 + Level 5.8 Long Blades
 + Level 9.6 Maces & Flails
 + Level 4.9 Throwing
 + Level 0.9 Armour
 + Level 6.5 Dodging
 + Level 3.0 Stealth
 + Level 3.1 Shields
 + Level 0.5 Unarmed Combat


You had 10 spell levels left.
You didn't know any spells.
Your spell library contained the following spells:

 Spells                   Type           Power      Damage    Failure   Level
 Corpse Rot               Necr/Air       0%         N/A       75%         2
 Poisonous Vapours        Pois/Air       0%         N/A       75%         2
 Dazzling Flash           Conj/Hex       0%         N/A       93%         3
 Hailstorm                Conj/Ice       0%         3d3       100%        4
 Ice Form                 Ice/Tmut       0%         N/A       100%        4
 Agony                    Necr           0%         N/A       100%        5
 Silence                  Hex/Air        0%         N/A       100%        5
 Simulacrum               Ice/Necr       0%         N/A       100%        6


Dungeon Overview and Level Annotations

Branches:
Dungeon (11/15)            Temple (1/1) D:6            Lair (0/6) D:10
    Orc (0/2) D:9         Ossuary (visited)

Altars:
Ashenzari
Cheibriados
Dithmenos
Elyvilon
Fedhas
Gozag
Hepliaklqana
Kikubaaqudgha
Makhleb
Nemelex Xobeh
Okawaru
Qazlal
Ru
Sif Muna
Trog
Uskayaw
Vehumet
Wu Jian
Xom
Yredelemnul
Zin
The Shining One

Shops:
D:5 [

Annotations:
D:10 Erolcha


Innate Abilities, Weirdness & Mutations

Your life essence is reduced to manifest your ancestor. (-10% HP)
You are too large for most types of armour.
You have claws for hands.
Your natural rate of healing is unusually fast.
You are covered in fur. (AC +1)
You have tough skin. (AC +1)


Message History

You open the door.
There is an open door here.
You open the door. You open the door.
There is an open door here.
You swap places.
You swap places.
You open the door.
A sourceless malevolence fills the Dungeon...
You fall into a shaft and drop 1 floor!
The shaft crumbles and collapses.
Erolcha the Cunning comes into view.
She is wielding a +0 giant club.
Found an escape hatch in the floor and an escape hatch in the ceiling.
You throw a stone.
The stone hits Erolcha but does no damage.
You throw a stone.
The stone hits Erolcha but does no damage.
You throw a stone. The stone hits Erolcha.
Erolcha is lightly wounded.
You throw a stone. The stone hits Erolcha.
Erolcha is lightly wounded.
You throw a stone. The stone closely misses Erolcha.
Erolcha mumbles some strange words.
Erolcha flickers and vanishes!
Deactivating autopickup; reactivate with Ctrl-A.
You hit something. You burn something. Something hits you but does no damage.
You completely miss something.
You hear some strange, mumbled words.
You hear some strange, mumbled words.
A fireball appears from out of thin air!
The fireball explodes!
The fireball engulfs you!! The fire burns you terribly! Something hits you!
You hear some strange, mumbled words.
Something tries to affect you, but you resist.
There is an escape hatch in the ceiling here.
A mysterious force pulls you upwards. The hatch slams shut behind you.
Reactivating autopickup.
Deactivating autopickup; reactivate with Ctrl-A.
You hit something but do no damage. Something hits you!!! x2
You die...

...#..#.#.#.#...#...........#....
...#..'...#.#...#...........#....
##.#..#####.#...#...#.#.<...#....
...#..##.#####..#...#.#.....#....
##'#..##.# #..#...#.#.....#....
.........# #..#...#.#..........
.........#. #..#...'............
##########...########............
........@.# ######.......
.#..##..#.# #.....## #....#
#.#...## ......# #.......
..###### ##...... #... #.##..#
#.# #...... ###+# ##... #......
#...# #...# #####..


There were no monsters in sight!

Vanquished Creatures
  A two-headed ogre (D:10)
  An unseen horror (D:10)
  2 trolls (D:9)
  A wyvern (D:9)
  3 yaks (D:10)
  A steam dragon (D:7)
  Edmund (D:6)
  2 wargs (D:9)
  A water moccasin (D:7)
  An acid dragon (D:9)
  An ice beast (D:6)
  2 sky beasts (D:6)
  3 black bears
  A necrophage (D:5)
  4 orc warriors
  5 ogres
  4 centaurs
  3 phantoms
  5 kobold brigands (D:8)
  A scorpion (D:5)
  A bullfrog (D:6)
  A water moccasin skeleton (D:5)
  An electric eel (D:10)
  2 howler monkeys
  A centaur zombie (Ossuary)
  A hound (D:4)
  A gnoll shaman (D:8)
  5 orc priests
  A centaur skeleton (D:5)
  3 jellies
  4 iguanas (D:5)
  Jessica (D:2)
  A bullfrog skeleton (D:6)
  Natasha (D:2)
  Terence (D:2)
  4 orc wizards
  2 mummies (Ossuary)
  8 adders
  5 gnolls
  A white imp (D:5)
  An ufetubus (D:5)
  2 worms
  4 dart slugs
  13 orcs
  11 endoplasms
  6 giant cockroaches
  6 goblins
  10 hobgoblins
  4 jackals (D:1)
  3 quokkas
  7 ball pythons
  6 bats
  A frilled lizard (D:3)
  2 hobgoblin zombies (Ossuary)
  9 kobolds
  4 rats
177 creatures vanquished.

Vanquished Creatures (collateral kills)
  Erica (D:8)
  A hornet (D:9)
  A vampire (D:10)
  A yak (D:10)
  A wyvern (D:9)
  A steam dragon (D:8)
  2 wargs (D:9)
  An acid dragon (D:10)
  3 orc warriors
  An ice beast (D:6)
  An ogre (D:8)
  2 gnoll sergeants
  2 kobold brigands (D:7)
  A bullfrog (D:7)
  A wyvern skeleton (D:7)
  2 howler monkeys
  An electric eel (D:10)
  5 centaur zombies
  A bullfrog skeleton (D:6)
  A centaur skeleton (D:7)
  3 orc priests (D:7)
  A gnoll shaman (D:8)
  2 orc wizards
  4 mummies (Ossuary)
  12 gnolls
  9 orcs
  5 kobolds (D:7)
  2 hobgoblin zombies (Ossuary)
68 creatures vanquished.

Vanquished Creatures (others)
  3 battlemagi
  6 fungi (D:8)
  8 plants (D:8)
17 creatures vanquished.

Grand Total: 262 creatures vanquished

Notes
Turn   | Place    | Note
-------+----------+-------------------------------------------
     0 | D:1      | issech the Troll Monk began the quest for the Orb.
     0 | D:1      | Reached XP level 1. HP: 22/22 MP: 0/0
    51 | D:1      | Reached skill level 3 in Maces & Flails
    98 | D:1      | Reached XP level 2. HP: 27/29 MP: 1/1
   215 | D:1      | Found a faded altar of an unknown god.
   627 | D:1      | Reached XP level 3. HP: 36/36 MP: 2/2
   890 | D:2      | Found an ancient bone altar of Kikubaaqudgha.
  1156 | D:2      | Noticed Jessica
  1164 | D:2      | Killed Jessica
  1165 | D:2      | Reached XP level 4. HP: 43/44 MP: 3/3
  1412 | D:2      | Reached skill level 4 in Maces & Flails
  1481 | D:2      | Noticed Natasha
  1491 | D:2      | Killed Natasha
  1559 | D:2      | Noticed Terence
  1598 | D:2      | Killed Terence
  1599 | D:2      | Reached XP level 5. HP: 26/50 MP: 4/4
  1907 | D:3      | Noticed an ogre
  1924 | D:3      | Reached skill level 1 in Throwing
  2055 | D:3      | Killed an ogre
  2056 | D:3      | Reached XP level 6. HP: 37/59 MP: 5/5
  2308 | D:4      | Reached skill level 5 in Maces & Flails
  3070 | D:5      | Entered Level 5 of the Dungeon
  3208 | D:5      | Found Eleutois's Armour Shoppe.
  3277 | D:5      | Reached XP level 7. HP: 58/67 MP: 6/6
  3379 | D:5      | Found a basalt altar of Yredelemnul.
  3426 | D:5      | Reached skill level 6 in Maces & Flails
  3840 | D:5      | Reached XP level 8. HP: 22/78 MP: 7/7
  3983 | D:5      | Reached skill level 7 in Maces & Flails
  4026 | D:6      | Identified the amulet of the Quahog {Reflect rF- rC+ Dex+3
                  | SH+5}
  4111 | D:6      | HP: 3/79 [something (6)]
  4224 | D:6      | Found a staircase to the Ecumenical Temple.
  4229 | D:6      | Noticed Edmund
  4234 | D:6      | Reached skill level 8 in Maces & Flails
  4269 | D:6      | Killed Edmund
  4270 | D:6      | Reached XP level 9. HP: 18/87 MP: 8/8
  4368 | Temple   | Entered the Ecumenical Temple
  4438 | Temple   | Became a worshipper of Hepliaklqana the Forgotten
  4438 | Temple   | Reached * piety under Hepliaklqana
  4438 | Temple   | Reached ** piety under Hepliaklqana
  4439 | Temple   | Remembered your ancestor Cuetlachtli as a battlemage
  4493 | D:6      | Found a sand-covered staircase.
  4498 | Ossuary  | Entered an ossuary
  4511 | Ossuary  | Reached skill level 5 in Fighting
  4557 | Ossuary  | Reached skill level 5 in Dodging
  4632 | Ossuary  | Identified a scroll of acquirement
  4632 | Ossuary  | Acquired a manual of Throwing
  4690 | D:6      | Found a burning altar of Makhleb.
  4812 | D:6      | Found an iron altar of Okawaru.
  5026 | D:7      | Reached skill level 9 in Maces & Flails
  5634 | D:7      | Identified the +9 falchion of Tappy {flame, MP+9 Int+4}
  6570 | D:8      | Reached *** piety under Hepliaklqana
  6837 | D:8      | Noticed Erica
  6848 | D:8      | Reached skill level 1 in Long Blades
  6848 | D:8      | Killed Erica
  6849 | D:8      | Reached skill level 1 in Shields
  6849 | D:8      | Reached XP level 10. HP: 60/88 MP: 9/9
  7997 | D:9      | Found a radiant altar of Vehumet.
  8053 | D:9      | Found an ancient bone altar of Kikubaaqudgha.
  8316 | D:9      | Found a snail-covered altar of Cheibriados.
  8325 | D:9      | Found a staircase to the Orcish Mines.
  8353 | D:9      | Reached **** piety under Hepliaklqana
  8923 | D:9      | Reached skill level 5 in Long Blades
  9065 | D:10     | Entered Level 10 of the Dungeon
  9084 | D:10     | Found a staircase to the Lair.
  9144 | D:10     | Reached XP level 11. HP: 96/96 MP: 10/10
  9204 | D:10     | Noticed a two-headed ogre
  9211 | D:10     | Killed a two-headed ogre
  9256 | D:10     | Found a white marble altar of Elyvilon.
  9320 | D:10     | Found a stormy altar of Qazlal.
  9725 | D:10     | You fall into a shaft and drop 1 floor!
  9725 | D:11     | Noticed Erolcha
  9743 | D:10     | Demolished by Erolcha

Illustrated notes

Levels and vault maps discovered:
D:1:      ebering_trefoil_3fold, layout_basic, serial_aquarium,
          aquarium_bridge_square [aquarium_subvault_wall,
          aquarium_subvault_window, aquarium_subvault_bridge,
          aquarium_subvault_bridge], aquarium_window_1, aquarium_window_fake,
          aquarium_view_2c, ebering_ecumenical_altar_webs, minmay_pentomino_r4
D:2:      layout_loops_corners, basic_altar, minmay_close_crescents,
          uniq_jessica, uniq_natasha, uniq_terence
D:3:      layout_rooms
D:4:      layout_gridville
D:5:      minmay_opposing_rooms, layout_rooms, mainiacjoe_overflow_24_doors,
          serial_shops, nicolae_shop_advertising_works
          [nicolae_subvault_shop_adworks]
D:6:      layout_rooms, nicolae_overflow_crystal_walls,
          mainiacjoe_overflow_concentric_impassable,
          minmay_temple_entry_large_hall, enter_ossuary_2, glass_columns_a,
          kennysheep_small_square, uniq_edmund
D:7:      layout_layer_cave
D:8:      kennysheep_seaside_town, layout_cave_pools, uniq_erica
D:9:      layout_basic, kiku_gazebo_pond_becter,
          mainiacjoe_overflow_six_doors_small, lemuel_crystal_altar,
          minmay_orc_entry_guard_dogs, grunt_decor_resistance
D:10:     layout_stronghold, mainiacjoe_overflow_catwalk_spiral,
          lair_entry_dummy, grunt_decor_arrowhead, kennysheep_cluttered_room
D:11:     layout_roguey, uniq_erolcha
Temple:   eino_temple_water

Skill      XL: |  1  2  3  4  5  6  7  8  9 10 11 |
---------------+----------------------------------+-----
Maces & Flails | 3 4 5 6 8 9 |  9.6
Dodging        | 3 4 5 6 |  6.5
Throwing       | 1 2 4 |  4.9
Fighting       | 3 4 5 6 |  6.7
Stealth        | 2 3 |  3.0
Long Blades    | 1 5 |  5.8
Shields        | 1 2 3 |  3.1
Armour         | |  0.9
Unarmed Combat | |  0.5

Action                   |  1- 3 |  4- 6 |  7- 9 | 10-12 || total
-------------------------+-------+-------+-------+-------++-------
Melee: Mace              |   129 |   110 |       |       ||   239
       Giant club        |       |    65 |   136 |       ||   201
       Flail             |       |       |    66 |       ||    66
       Falchion          |       |       |    34 |   183 ||   217
       Unarmed           |       |       |     3 |       ||     3
       Punch             |       |       |       |     5 ||     5
Throw: Stone             |    21 |    23 |    36 |    64 ||   144
Invok: Recall Ancestor   |       |       |     1 |       ||     1
       Ancestor Life: Ba |       |       |     1 |       ||     1
  Use: Scroll            |       |       |     7 |     4 ||    11
 Stab: Sleeping          |     4 |     3 |     1 |       ||     8
       Distracted        |       |       |     3 |     1 ||     4
Armor: Robe              |    61 |    43 |    65 |       ||   169
       Steam dragon scal |       |       |    23 |    22 ||    45
       Acid dragon scale |       |       |       |     9 ||     9
Dodge: Dodged            |   103 |   124 |   213 |    73 ||   513
Block: Other             |       |       |    16 |    19 ||    35
       Kite shield       |       |       |       |    33 ||    33
       Reflection        |       |       |       |     3 ||     3
